 Dungeon Crawl Stone Soup version 0.32-a0-571-gec57dfcd37 (webtiles) character file.

Game seed: 12077981999140361328

62 hikkokomori the Gusty (level 3, -6/30 HPs)
             Began as a Mountain Dwarf Wanderer on Mar 1, 2024.
             Mangled by a gnoll
             ... wielding a +0 flail
              (12 damage)
             ... on level 3 of the Dungeon.
             The game lasted 00:07:34 (1287 turns).

hikkokomori the Gusty (Mountain Dwarf Wanderer)     Turns: 1287, Time: 00:07:35

Health: -6/30      AC:  5    Str: 16    XL:     3   Next: 85%
Magic:  10/14      EV: 10    Int: 14    God:
Gold:   59         SH:  0    Dex:  7    Spells: 4/5 levels left

rFire   . . .        f - +0 dagger
rCold   . . .        (no shield)
rNeg    . . .        j - +0 ring mail
rPois   .            (no helmet)
rElec   .            (no cloak)
rCorr   .            (no gloves)
SInv    .            (no boots)
Will    .....        (no amulet)
Stlth   +            g - ring of magical power
HPRegen 0.25/turn    (no ring)
MPRegen 0.14/turn

%: no passive effects
@: very slightly contaminated
A: runic magic, artefact enchanting
a: no special abilities


You were on level 3 of the Dungeon.
You visited 1 branch of the dungeon, and saw 3 of its levels.

You collected 59 gold pieces.

Inventory:

Hand Weapons
 a - a +0 club
 f - a +0 dagger (weapon)
Armour
 d - a +0 leather armour
 j - a +0 ring mail (worn)
 l - a +0 chain mail
Jewellery
 g - a ring of magical power (left hand)
Wands
 b - a wand of polymorph (5)
Scrolls
 c - a scroll of blinking
Potions
 e - a potion of mutation
 h - a potion of might {unknown}
 i - a potion of berserk rage {unknown}


   Skills:
 + Level 2.5 Fighting
 - Level 1.0 Throwing
 + Level 1.9 Stealth
 + Level 1.9 Spellcasting
 - Level 3.0 Air Magic
 - Level 2.1 Evocations


You had 4 spell levels left.
You knew the following spells:

 Your Spells              Type           Power      Damage    Failure   Level
a - Shock                 Conj/Air       20%        1d4       16%         1

Your spell library contained the following spells:

 Spells                   Type           Power      Damage    Failure   Level
 Mercury Vapours          Alch/Air       10%        N/A       22%         2
 Summon Lightning Spire   Summ/Air       5%         N/A       83%         4


Dungeon Overview and Level Annotations

Branches:
Dungeon (3/15)

Altars:


Innate Abilities, Weirdness & Mutations

Your spellcasting is much less encumbered by armour.
You can use scrolls of enchantment on lesser artefacts.


Message History

Aiming: Shock (safe; 16% risk of failure)
Press: ? - help, Shift-Dir - straight line The zap hits the gnoll.
The gnoll is lightly wounded.
The zap hits the gnoll but does no damage.
The gnoll is lightly wounded.
The gnoll hits you with a +0 flail.
Casting: Shock (safe; 16% risk of failure)
Confirm with . or Enter, or press ? or * to list all spells.
Aiming: Shock (safe; 16% risk of failure)
Press: ? - help, Shift-Dir - straight line The zap hits the gnoll but does no damage.
The gnoll is lightly wounded.
The zap hits the gnoll but does no damage.
The gnoll is lightly wounded.
The gnoll closely misses you.
Casting: Shock (safe; 16% risk of failure)
Confirm with . or Enter, or press ? or * to list all spells.
Aiming: Shock (safe; 16% risk of failure)
Press: ? - help, Shift-Dir - straight line The zap hits the gnoll but does no damage.
The gnoll is lightly wounded.
The zap hits the gnoll but does no damage.
The gnoll is lightly wounded.
The gnoll hits you with a +0 flail.
Casting: Shock (safe; 16% risk of failure)
Confirm with . or Enter, or press ? or * to list all spells.
Aiming: Shock (safe; 16% risk of failure)
Press: ? - help, Shift-Dir - straight line You miscast Shock.
You are very lightly contaminated with residual magic.
Nothing appears to happen.
The gnoll hits you with a +0 flail.
You hit the gnoll but do no damage.
The gnoll is lightly wounded.
The gnoll hits you with a +0 flail.
* * * LOW HITPOINT WARNING * * *
You barely miss the gnoll.
The gnoll is lightly wounded.
The gnoll hits you with a +0 flail!
You die...

###########
.......@..#
########g##
#.# #.#
########†##
.......<..#
########.##
#.# ...


You could see a gnoll.

Vanquished Creatures
  4 gnolls
  A ball python (D:1)
  4 bats (D:1)
  3 goblins (D:1)
  4 jackals
  4 quokkas (D:1)
  A frilled lizard (D:1)
  3 rats
24 creatures vanquished.

Notes
Turn   | Place    | Note
-------+----------+-------------------------------------------
     0 | D:1      | hikkokomori the Mountain Dwarf Wanderer began the quest for
                  | the Orb.
     0 | D:1      | hikkokomori set off with the following items: a +0 club, a
                  | wand of polymorph (5), a scroll of blinking, a +0 leather
                  | armour, a potion of mutation; and the following spell
                  | memorised: Shock; and the following spells available to
                  | memorise: Mercury Vapours, Summon Lightning Spire.
     0 | D:1      | Reached XP level 1. HP: 16/16 MP: 2/2
    41 | D:1      | Reached skill level 3 in Air Magic
   422 | D:1      | Reached XP level 2. HP: 22/23 MP: 3/3
  1053 | D:2      | Reached XP level 3. HP: 29/29 MP: 5/5
  1287 | D:3      | Mangled by a gnoll

Illustrated notes

Levels and vault maps discovered:
D:1:      sevenhm_arrival_forest_fort_small_5, layout_loops_ring
D:2:      layout_rooms
D:3:      layout_basic, fedhas_altar_fruit_tree, xom_butterflies, uniq_sigmund,
          uniq_robin

Skill      XL: |  1  2 |
---------------+-------+-----
Air Magic      | 3 |  3.0
Fighting       | 2 |  2.5
Throwing       | |  1.0
Stealth        | |  1.9
Spellcasting   | |  1.9
Evocations     | |  2.1

Action                     || total
---------------------------++-------
  Melee: Club              ||    23
         Dagger            ||    40
   Cast: Shock             ||    55
    Use: Potion            ||     1
 Armour: Leather armour    ||    33
         Ring mail         ||    61
         Skin              ||     2
  Dodge: Dodged            ||   115

Table legend: (Time is in decaauts)
 A = Elapsed time spent in this place.
 B = Non-inter-level travel time spent in this place.
 C = Inter-level travel time spent in this place.
 D = Time resting spent in this place.
 E = Time spent auto-exploring this place.
 F = Levels seen in this place.
 G = Mean time per level.
                   A        B        C        D        E       F      G
               +--------+--------+--------+--------+--------+-----+--------+
         Total |   1297 |   1248 |     49 |    239 |    753 |   3 |  432.3 |
       Dungeon |   1297 |   1248 |     49 |    239 |    753 |   3 |  432.3 |
               +--------+--------+--------+--------+--------+-----+--------+

Top non-repeatable levels by time:
     D:1: 1134 daAuts
     D:3: 97 daAuts
     D:2: 65 daAuts
